AoeStats
← agufiru17

Arabia

510211340Analyzed
1v1 RM · 4d ago on Sep 30, 2026· 41m 18s· 2 players
Game mode
Random Map
Map size
Tiny (2 player)
Population
200
Speed
Normal
Resources
Standard
Victory
Conquest
Starting age
Dark Age
Ending age
Imperial Age
RankedLock teamsTeams togetherTeam positionsShared explorationLock speedFull tech treeHidden civsTurbo modeCheats
Victory
Defeat
🇦🇷 Hindustanis · Argentina
1191
+13
🇧🇷 Franks · Brazil
1135
-13
[RZ] Ja_Hera
9:29 Feudal Age
8:31 Loom
10:23 Double-Bit Axe
17:58 Forging
23:35 Castle Age
22:37 Scale Barding Armor
23:47 Wheelbarrow
23:48 Light Cavalry
24:45 Husbandry
28:40 Fletching
33:54 Chain Barding Armor
38:49 Imperial Age
37:50 Pikeman
38:31 Squires
39:53 Cavalier
40:42 Halberdier
42:06 Hoardings
agufiru17
6:55 Loom
9:08 Feudal Age
9:50 Double-Bit Axe
16:42 Fletching
17:20 Fletching
19:33 Castle Age
17:27 Gold Mining
19:25 Fletching
20:34 Bow Saw
20:09 Horse Collar
21:43 Wheelbarrow
22:10 Husbandry
22:49 Bodkin Arrow
23:38 Bloodlines
24:18 Padded Archer Armor
25:41 Scale Barding Armor
27:17 Chain Barding Armor
29:34 Leather Archer Armor
29:32 Forging
30:26 Town Watch
32:29 Ballistics
34:47 Thumb Ring
38:12 Iron Casting
41:10 Imperial Age
39:56 Squires
39:17 Pikeman
40:40 Hand Cart
41:12 Siege Elephant
42:57 Chemistry
Connection lost

Rejoining the realm…

Still unreachable

The connection could not be restored.

Session expired

The server has moved on; the page needs a fresh start.